 Dungeon Crawl Stone Soup version 0.23.2-40-g277498a001 (webtiles) character file.

Game seed: 3456367438542444622

558782 Kavlax the Conqueror (level 27, -2/249 HPs)
             Began as a Formicid Abyssal Knight on Oct 12, 2019.
             Was a Priest of Lugonu.
             Hit by a large rock thrown by a stone giant (23 damage)
             ... on level 5 of the Vaults on Oct 14, 2019.
             The game lasted 06:28:44 (77068 turns).

Kavlax the Conqueror (Formicid Abyssal Knight)     Turns: 77068, Time: 06:28:45

Health: -2/249     AC: 42    Str: 32    XL:     27
Magic:  34/34      EV: 10    Int: 17    God:    Lugonu [***...]
Gold:   5049       SH: 31    Dex: 12    Spells: 22/26 levels left

rFire    + . .     SeeInvis +   a - +7 battleaxe of Ru's Righteous Anger {flame, rF+ rC+ Int+2}
rCold    + . .     Gourm    .   G - +4 large shield
rNeg     + . .     Faith    .   R - +8 storm dragon scales
rPois    +         Spirit   .   (helmet unavailable)
rElec    +         Reflect  +   d - +2 cloak
rCorr    .         Harm     .   U - +2 pair of gloves {Str+3}
MR       ++...                  W - +2 pair of boots {run}
Stlth    ..........             w - +5 amulet of reflection
HPRegen  0.51/turn              g - ring of poison resistance
MPRegen  0.24/turn              x - ring "Zeqod" {rN+ Str+4 Slay+5}

@: marked, very slightly contaminated, studying Axes, lightly drained, quick
A: permanent stasis, dig shafts and tunnels, four strong arms, antennae 3,
hooves 1, MP-powered wands
}: 2/15 runes: decaying, serpentine
a: Dig, Shaft Self, Depart the Abyss, Bend Space, Banish, Renounce Religion


You were on level 5 of the Vaults.
You worshipped Lugonu.
Lugonu was most pleased with you.
You were very hungry.

You visited 9 branches of the dungeon, and saw 45 of its levels.
You visited the Abyss 6 times.
You also visited: Gauntlet and Ice Cave.

You collected 7271 gold pieces.
You spent 2222 gold pieces at shops.

Inventory:

Hand Weapons
 a - the +7 battleaxe of Ru's Righteous Anger (weapon) {flame, rF+ rC+ Int+2}
   (You bought it in a shop on level 2 of the Orcish Mines)

   It has been specially enchanted to burn those struck by it, causing extra
   injury to most foes and up to half again as much damage against particularly
   susceptible opponents.
   Big, fiery blades are also staple armaments of hydra-hunters.
   It affects your intelligence (+2).
   It protects you from fire.
   It protects you from cold.
Armour
 d - a +2 cloak (worn)
 G - a +4 large shield (worn)
 R - +8 storm dragon scales (worn)
 U - a +2 pair of gloves of strength (worn)
 W - a +2 pair of boots of running (worn)
Jewellery
 g - a ring of poison resistance (left hand)
 w - a +5 amulet of reflection (around neck)
 x - the ring "Zeqod" (right hand) {rN+ Str+4 Slay+5}
   (You found it on level 15 of the Dungeon)

   [ring of positive energy]

   It affects your strength (+4).
   It affects your accuracy and damage with ranged weapons and melee attacks
   (+5).
   It protects you from negative energy.
Wands
 i - a wand of random effects (44)
 k - a wand of clouds (5)
 q - a wand of paralysis (24)
 u - a wand of polymorph (54)
 A - a wand of iceblast (67)
 C - a wand of flame (165)
 D - a wand of acid (48)
 E - a wand of digging (30)
 F - a wand of scattershot (7)
 M - a wand of enslavement (27)
Scrolls
 b - 12 scrolls of amnesia
 e - 4 scrolls of magic mapping
 j - 4 scrolls of brand weapon
 l - a scroll of holy word
 n - 16 scrolls of identify
 p - 8 scrolls of fear
 r - 17 scrolls of remove curse
 y - 13 scrolls of fog
 H - 4 scrolls of summoning
 I - 2 scrolls of silence
 J - 8 scrolls of enchant weapon
Potions
 f - 7 potions of mutation
 h - 2 potions of ambrosia
 s - 6 potions of curing
 t - 2 potions of cancellation
 v - 4 potions of might
 z - 2 potions of invisibility
 B - 4 potions of magic
 O - 5 potions of flight
Books
 T - a manual of Axes
Comestibles
 c - 77 rations


   Skills:
 O Level 27(26.8) Fighting
 + Level 22.3(22.1) Axes
 O Level 27(26.8) Armour
 - Level 0.8(0.7) Dodging
 - Level 15.0(14.8) Shields
 - Level 13.0(12.8) Hexes
 - Level 15.0(14.8) Invocations


You had 22 spell levels left.
You knew the following spells:

 Your Spells              Type           Power        Failure   Level  Hunger
a - Confusing Touch       Hex            #####.       1%          1    ##.....
b - Confuse               Hex            #####...     1%          3    ####...

Your spell library contained the following spells:

 Spells                   Type           Power        Failure   Level  Hunger
 Corona                   Hex            #####..      1%          1    ##.....
 Slow                     Hex            #####...     1%          2    ###....
 Tukima's Dance           Hex            #####...     1%          3    ####...
 Cause Fear               Hex            #####.....   2%          4    #####..
 Ensorcelled Hibernation  Hex/Ice        ###...       4%          2    ###....
 Dazzling Spray           Conj/Hex       ###...       10%         3    ####...
 Leda's Liquefaction      Hex/Erth       ###.......   32%         4    #####..
 Invisibility             Hex            #####...     36%         6    #######
 Animate Skeleton         Necr           N/A          43%         1    ##.....
 Apportation              Tloc           #.....       43%         1    ##.....
 Beastly Appendage        Tmut           #.....       43%         1    ##.....
 Flame Tongue             Conj/Fire      #....        43%         1    ##.....
 Freeze                   Ice            #...         43%         1    ##.....
 Magic Dart               Conj           #...         43%         1    ##.....
 Sandblast                Erth           #.....       43%         1    ##.....
 Sting                    Conj/Pois      #...         43%         1    ##.....
 Summon Butterflies       Summ           #.......     43%         1    ##.....
 Summon Small Mammal      Summ           #...         43%         1    ##.....
 Call Imp                 Summ           #.......     56%         2    ###....
 Corpse Rot               Necr           N/A          56%         2    ###....
 Passwall                 Tmut/Erth      #.......     56%         2    ###....
 Poisonous Vapours        Pois/Air       #.....       56%         2    ###....
 Sticks to Snakes         Tmut           #.......     56%         2    ###....
 Sublimation of Blood     Necr           #.........   56%         2    ###....
 Swiftness                Chrm/Air       #.......     56%         2    ###....
 Throw Frost              Conj/Ice       #.....       56%         2    ###....
 Metabolic Englaciation   Hex/Ice        ###.......   67%         5    ######.
 Silence                  Hex/Air        ###.......   67%         5    ######.
 Yara's Violent Unravell  Hex/Tmut       ###.......   67%         5    ######.
 Conjure Flame            Conj/Fire      #.......     80%         3    ####...
 Gell's Gravitas          Tloc           #.........   80%         3    ####...
 Ignite Poison            Fire/Tmut/Pois #.......     80%         3    ####...
 Lesser Beckoning         Tloc           #.........   80%         3    ####...
 Mephitic Cloud           Conj/Pois/Air  #.......     80%         3    ####...
 Ozocubu's Armour         Chrm/Ice       #.......     80%         3    ####...
 Recall                   Summ/Tloc      N/A          80%         3    ####...
 Spider Form              Tmut/Pois      #.........   80%         3    ####...
 Static Discharge         Conj/Air       #.......     80%         3    ####...
 Stone Arrow              Conj/Erth      #.....       80%         3    ####...
 Airstrike                Air            #.........   99%         4    #####..
 Animate Dead             Necr           N/A          99%         4    #####..
 Ice Form                 Ice/Tmut       #.......     99%         4    #####..
 Iskenderun's Mystic Bla  Conj           #.......     99%         4    #####..
 Olgreb's Toxic Radiance  Pois           #.......     99%         4    #####..
 Petrify                  Tmut/Erth      #.......     99%         4    #####..
 Summon Ice Beast         Ice/Summ       #.......     99%         4    #####..
 Throw Icicle             Conj/Ice       #.......     99%         4    #####..
 Alistair's Intoxication  Tmut/Pois      #.......     100%        5    ######.
 Blade Hands              Tmut           #.........   100%        5    ######.
 Bolt of Draining         Conj/Necr      #.........   100%        5    ######.
 Bolt of Magma            Conj/Fire/Erth #.........   100%        5    ######.
 Borgnjor's Vile Clutch   Necr/Erth      #.........   100%        5    ######.
 Dispel Undead            Necr           #.......     100%        5    ######.
 Irradiate                Conj/Tmut      #.........   100%        5    ######.
 Iskenderun's Battlesphe  Conj/Chrm      #.......     100%        5    ######.
 Lee's Rapid Deconstruct  Erth           #.........   100%        5    ######.
 Venom Bolt               Conj/Pois      #.........   100%        5    ######.
 Bolt of Fire             Conj/Fire      #.........   100%        6    #######
 Death Channel            Necr           #.........   100%        6    #######
 Deflect Missiles         Chrm/Air       #.........   100%        6    #######
 Freezing Cloud           Conj/Ice/Air   #.........   100%        6    #######
 Iron Shot                Conj/Erth      #.........   100%        6    #######
 Simulacrum               Ice/Necr       #.........   100%        6    #######
 Statue Form              Tmut/Erth      #........    100%        6    #######
 Haunt                    Necr/Summ      #.........   100%        7    #######
 Orb of Destruction       Conj           #.........   100%        7    #######
 Ring of Flames           Chrm/Fire      #.........   100%        7    #######
 Spellforged Servitor     Conj/Summ      #.........   100%        7    #######
 Borgnjor's Revivificati  Necr           #.........   100%        8    #######
 Death's Door             Chrm/Necr      #.........   100%        8    #######
 Discord                  Hex            #####.....   100%        8    #######
 Ignition                 Fire           #.........   100%        8    #######
 Infestation              Necr           #.........   100%        8    #######
 Necromutation            Tmut/Necr      #.........   100%        8    #######
 Blink                    Tloc           Unusable     N/A         2    N/A

Dungeon Overview and Level Annotations

Branches:
Dungeon (15/15)            Temple (1/1) D:5            Lair (6/6) D:8
  Swamp (4/4) Lair:4        Snake (4/4) Lair:3        Slime (0/5) Lair:5
    Orc (2/2) D:11            Elf (3/3) Orc:2        Vaults (5/5) D:13
  Crypt (0/3) Vaults:2     Depths (5/5) D:15            Zot (0/5) Depths:5

Altars:
Ashenzari
Cheibriados
Dithmenos
Elyvilon
Fedhas
Gozag
Hepliaklqana
Kikubaaqudgha
Makhleb
Nemelex Xobeh
Okawaru
Qazlal
Ru
Sif Muna
Trog
Uskayaw
Vehumet
Wu Jian
Xom
Yredelemnul
Zin
The Shining One
Beogh
Lugonu

Shops:
D:11 *   Orc:1 ((*:   Orc:2 ??*:*   Elf:2 :   Snake:3 !%   Vaults:2 [
Depths:4 =}=   Depths:5 [

Portals:
Hell: Depths:1 Depths:2 Depths:3 Depths:4 Depths:5
Abyss: Depths:1 Depths:4
Pandemonium: Depths:3 Depths:4
Ziggurat: Depths:4
Trove: Depths:1 (give 14 potions of heal wounds)

Annotations:
D:11 , corrupted
D:12 corrupted
D:14 corrupted
D:15 corrupted
Lair:2 corrupted
Lair:6 corrupted
Snake:3 exclusion: Roxanne, Roxanne
Snake:4 corrupted
Orc:2 corrupted
Elf:3 corrupted
Depths:2 corrupted
Depths:4 , corrupted
Abyss:1 Jorgrun; Kirke; Menkaure; Sojobo; Tuck's ghost, adept DsBe


Innate Abilities, Weirdness & Mutations

You cannot be hasted, slowed, berserked, paralysed or teleported.
You can dig through walls and to a lower floor.
Your four strong arms can wield two-handed weapons with a shield.
You have a pair of large antennae on your head. (SInv)
You have large cloven feet.
You expend magic power (3 MP) to strengthen your wands.


Message History

You reflect the large rock off an invisible shield around you!
The large rock hits the stone giant!
The stone giant throws a large rock.
You reflect the large rock off an invisible shield around you!
The large rock hits the stone giant!!
The phantasmal warrior blinks!
A deep elf mage comes into view. It is wielding a +0 short sword.
The deep elf mage shouts!
You hear a shout! x4
The phantasmal warrior blinks!
The deep elf mage casts a spell.
The deep elf mage blinks!
The stone giant throws a large rock.
You reflect the large rock off an invisible shield around you!
The large rock barely misses the stone giant.
The large rock hits the white very ugly thing!!
The phantasmal warrior blinks!
An ironheart preserver and a deep elf archer come into view.
The deep elf archer is wielding a +0 dagger of venom.
The stone giant throws a large rock.
The large rock hits you!!
You die...

#.e# #p.#
.###
#§.#....##
#..#.....#
#..#.....#
#.e#......
#....W....
#.@.§#####
#.........
#.........
#.Cu......
#.(.......
#XC.(#####
#.c.......
#c.#..##..
#..#..#


You could see a tentacled monstrosity, an ironheart preserver, a white very ugly
thing, a stone giant, 2 yaktaur captains, an ettin, a deep elf archer, a
phantasmal warrior and a deep elf mage.

Vanquished Creatures
  Mara (Depths:2)
  2 juggernauts
  Frederick (Vaults:4)
  A golden dragon (Vaults:4)
  2 bone dragons
  Rupert (D:14)
  6 liches
  2 tentacled monstrosities
  Asterion (Vaults:4)
  An Ice Fiend (IceCv)
  A deep elf blademaster (Elf:3)
  2 quicksilver dragons
  5 titans
  2 ancient champions (Vaults:4)
  5 sphinxes
  A titan (shapeshifter) (Depths:2)
  4 tentacled starspawn (Abyss:2)
  2 storm dragons
  7 tengu reavers
  A daeva (Abyss:3)
  2 shadow dragons
  7 nagarajas
  The ghost of Egoliply the Cruncher, a journeyman DsCK of Xom (Depths:4)
  10 fire giants
  9 frost giants
  6 deep elf sorcerers
  Aizul (Snake:1)
  An orc warlord (Vaults:2)
  3 deep elf elementalists (Elf:3)
  13 vault wardens
  2 spriggan defenders (Depths:5)
  16 ironheart preservers
  2 draconian annihilators (Depths:5)
  21 stone giants
  27 very ugly things
  2 vampire knights
  An entropy weaver (shapeshifter) (Depths:5)
  11 deep elf annihilators
  2 entropy weavers (Vaults:5)
  6 deep elf demonologists
  3 lorocyprocas
  A green draconian (Depths:5)
  2 yellow draconians (Depths:5)
  The ghost of scorp85 the Grappler, a journeyman TrFi of Okawaru (D:13)
  The ghost of HydroHomie08 the Blocker, a journeyman HaWr of Gozag (Lair:4)
  A white draconian (Depths:5)
  20 spark wasps
  A minotaur (Elf:3)
  10 ettins
  A red draconian (Depths:5)
  2 deep elf death magi
  Snorg (D:14)
  A blizzard demon (Depths:4)
  Josephine (Lair:4)
  5 deep elf high priests
  20 fire dragons
  9 great orbs of eyes
  A green death (Abyss:2)
  15 ogre magi
  18 yaktaur captains
  7 hydras
  20 naga warriors
  40 vault guards
  2 spriggan air magi
  10 rakshasas
  3 ghost crabs (Swamp:4)
  18 ice dragons
  3 shambling mangroves (Swamp:1)
  7 anacondas
  Erica (D:9)
  15 centaur warriors
  33 two-headed ogres
  3 death knights
  16 alligators
  25 dancing weapons
  12 deep troll earth magi
  12 naga sharpshooters
  8 tengu warriors
  6 death yaks
  4 deep troll shamans
  32 deep elf knights
  5 thrashing horrors
  2 orc high priests
  2 vampire magi
  A soul eater (Depths:4)
  9 shock serpents
  4 spriggan berserkers
  Sonja (Lair:6)
  A titan skeleton (Abyss:1)
  3 shadow wraiths
  8 hell knights
  4 sixfirhies
  10 wretched stars
  2 spatial maelstroms
  A sun demon (Depths:3)
  5 iron trolls (Depths:4)
  4 salamander mystics
  An unseen horror (shapeshifter) (Depths:1)
  A tengu zombie (Vaults:1)
  2 skeletal warriors
  A spectral hydra (Swamp:4)
  2 swamp dragons (Swamp:2)
  6 glowing orange brains
  2 spriggan druids
  6 wizards
  3 flayed ghosts
  A gelid demonspawn (Depths:3)
  7 naga ritualists
  Pikel (D:5)
  16 deep trolls
  A sea snake (shapeshifter) (Depths:2)
  12 deep elf archers
  3 harpies
  16 orc knights
  2 orc sorcerers
  7 necromancers
  A harpy (shapeshifter) (Abyss:2)
  7 phantasmal warriors
  6 ironbrand convokers
  A manticore (shapeshifter) (Vaults:2)
  4 oklob plants (Lair:4)
  57 ugly things
  3 wolf spiders
  A mana viper (shapeshifter) (Vaults:4)
  11 mana vipers
  A manticore (D:12)
  12 salamanders
  A sphinx skeleton (Depths:1)
  5 cyclopes
  6 worldbinders
  12 elephants
  A salamander (shapeshifter) (Vaults:1)
  72 deep elf magi
  A cyclops (shapeshifter) (Depths:2)
  2 moths of wrath (Depths:4)
  36 black mambas
  2 guardian serpents (shapeshifter)
  19 vault sentinels
  2 apocalypse crabs
  An orange demon (Abyss:2)
  4 rust devils
  4 ice statues (IceCv)
  29 naga magi
  7 smoke demons
  Psyche (D:12)
  A torpor snail (Lair:5)
  5 guardian serpents
  3 gargoyles
  5 spectral swamp worms (Depths:3)
  8 kobold demonologists
  2 rime drakes
  2 efreet
  22 spiny frogs
  A rime drake (shapeshifter) (Vaults:3)
  11 freezing wraiths
  4 swamp worm zombies (Swamp:4)
  A hellion (Depths:3)
  A yaktaur (shapeshifter) (Elf:3)
  9 komodo dragons
  61 yaktaurs
  A hellwing (Abyss:2)
  10 ice devils (IceCv)
  A silent spectre (Depths:4)
  An anaconda simulacrum (IceCv)
  5 hydra zombies (Swamp:4)
  A demonic crawler (Abyss:1)
  2 red devils
  A queen bee (Depths:2)
  A jumping spider (Vaults:5)
  A tengu conjurer (Depths:4)
  4 ancient zymes
  3 polar bears
  2 meliai (D:12)
  8 tyrant leeches
  6 trolls
  A hornet (shapeshifter) (Abyss:1)
  24 hornets
  4 alligator zombies (Swamp:4)
  A wind drake (shapeshifter) (Depths:1)
  7 spectral swamp dragons (Swamp:4)
  18 raiju
  51 slime creatures
  A spriggan zombie (Depths:1)
  13 blink frogs
  18 bog bodies
  A fire giant simulacrum (Abyss:1)
  10 hippogriffs
  A redback (shapeshifter) (Vaults:2)
  A vampire (D:15)
  41 yaks
  3 air elementals
  37 starcursed masses
  8 wraiths
  13 spriggans
  3 shadows
  6 wyverns
  Sigmund (D:2)
  A redback (Vaults:5)
  A black mamba skeleton (Abyss:1)
  2 dire elephant simulacra (IceCv)
  11 water elementals
  An ettin skeleton (Abyss:2)
  A hog (shapeshifter) (D:14)
  3 ynoxinuls
  22 vampire mosquitoes
  4 basilisks
  3 hungry ghosts
  6 fire elementals
  6 hogs (D:12)
  2 humans (shapeshifter)
  4 neqoxecs
  A fire bat (Abyss:2)
  A steam dragon (D:12)
  2 chaos spawn (Abyss:2)
  23 large abominations
  An ogre zombie (Vaults:1)
  5 spatial vortices
  A soldier ant (D:13)
  The ghost of grouchysmurf the Shield-Bearer, an amateur GrFi (D:4)
  7 wargs
  An iron troll simulacrum (IceCv)
  53 nagas
  An acid dragon (shapeshifter) (Depths:3)
  16 insubstantial wisps
  2 harpy simulacra (IceCv)
  6 acid dragons
  12 swamp worms
  17 water moccasins
  3 hydra simulacra (IceCv)
  10 porcupines
  3 hornet zombies
  A human skeleton (Depths:1)
  An ettin simulacrum (IceCv)
  43 orc warriors
  2 swamp dragon zombies (Swamp:4)
  9 sky beasts
  4 swamp drakes
  6 ice beasts
  3 black bears
  A deep troll simulacrum (Depths:1)
  An ogre (shapeshifter) (Depths:3)
  2 eyes of draining (shapeshifter) (Depths:1)
  A necrophage (D:9)
  35 ogres
  11 phantoms
  3 eyes of draining
  10 wolves (Lair:6)
  19 boggarts
  A manticore skeleton (Abyss:1)
  25 centaurs
  12 crocodiles
  An elf zombie (Elf:1)
  11 big kobolds
  17 bullfrogs
  2 earth elementals (Elf:1)
  A gnoll sergeant (D:9)
  2 wyvern zombies
  A scorpion (D:13)
  10 small abominations
  56 killer bees
  10 wights
  6 howler monkeys
  5 electric eels
  13 crimson imps
  A bullfrog zombie (D:6)
  4 centaur zombies
  9 hounds
  5 human simulacra
  5 quasits
  3 bullfrog skeletons
  5 jellies
  3 centaur skeletons
  28 orc priests
  2 iguanas
  5 iron imps
  Ijyb (D:3)
  31 orc wizards
  19 worker ants
  A hound skeleton (D:7)
  2 worker ant zombies
  25 gnolls
  12 adders
  3 shadow imps
  2 white imps
  3 ufetubi
  7 oozes
  An adder skeleton (D:5)
  A worm (D:1)
  3 dart slugs
  9 leopard geckos
  100 orcs
  9 giant cockroaches
  25 goblins
  14 hobgoblins
  14 jackals
  4 quokkas
  3 ball pythons (D:3)
  11 bats
  6 frilled lizards
  15 kobolds
  8 rats
  A crawling corpse (Elf:3)
  6 fungi
  A lurking horror (Abyss:3)
  3 plants
  2 starspawn tentacles (Abyss:2)
2459 creatures vanquished.

Vanquished Creatures (others)
  A caustic shrike (Depths:2)
  2 titans
  2 deep elf master archers (Elf:3)
  A storm dragon (D:12)
  A tengu reaver (Depths:2)
  2 deep elf sorcerers (Elf:3)
  A vault warden (Vaults:5)
  4 frost giants
  2 deep elf elementalists (Elf:3)
  4 stone giants
  3 deep elf demonologists
  Nessos (Abyss:1)
  A deep elf annihilator (Depths:4)
  A spark wasp (Depths:2)
  3 deep elf death magi (Elf:3)
  3 great orbs of eyes
  4 yaktaur captains
  10 hydras
  A deep elf high priest (Depths:2)
  A vault guard (Vaults:5)
  2 naga warriors (Snake:4)
  3 spriggan air magi (Depths:2)
  2 centaur warriors
  A two-headed ogre (D:11)
  2 death knights
  A tengu warrior (Depths:2)
  5 death yaks (Lair:6)
  2 spriggan berserkers (Depths:2)
  3 orc high priests (Orc:2)
  A hell knight (D:15)
  2 deep elf knights
  A fire crab (D:11)
  An unseen horror (D:8)
  A naga ritualist (Snake:4)
  8 orc knights
  An ironbrand convoker (Vaults:3)
  5 deep elf archers
  6 ugly things
  A deep elf mage (Vaults:3)
  A necromancer (D:14)
  A mana viper (Snake:4)
  5 oklob plants
  A phantasmal warrior (D:15)
  A wizard (D:8)
  A manticore (D:13)
  12 cyclopes
  A black mamba (Snake:4)
  A centaur zombie (D:15)
  4 moths of wrath (Depths:4)
  A guardian serpent (Snake:4)
  3 naga magi (Snake:4)
  A spiny frog (Lair:6)
  2 rime drakes (Lair:6)
  A kobold demonologist (D:11)
  A tengu conjurer (D:12)
  3 freezing wraiths (D:15)
  9 yaktaurs
  A meliai (D:12)
  A troll (D:9)
  A komodo dragon (Lair:6)
  2 queen bees
  A polar bear (Lair:6)
  A wolf spider simulacrum (D:15)
  4 hornets
  A dream sheep (Lair:6)
  A bog body (Swamp:2)
  10 spriggans (Lair:6)
  A vampire (D:13)
  2 wyverns
  A basilisk (D:14)
  2 hungry ghosts (D:9)
  A chaos spawn (Abyss:2)
  4 vampire mosquitoes (D:15)
  An insubstantial wisp (Swamp:4)
  An acid dragon (D:14)
  8 nagas (Snake:4)
  A water moccasin (Lair:6)
  2 black bears (Lair:6)
  8 orc warriors (Orc:2)
  4 wolves (Lair:6)
  A boggart (Lair:6)
  5 centaurs
  A crocodile (Lair:6)
  30 killer bees
  A crimson imp (D:15)
  11 orc priests
  An orc wizard (Orc:2)
  A howler monkey skeleton (D:5)
  8 orcs (Orc:2)
  A crawling corpse (Elf:3)
  10 fungi
  2 lurking horrors
  19 plants
  31 starspawn tentacles
326 creatures vanquished.

Grand Total: 2785 creatures vanquished

Notes
Turn   | Place    | Note
-------+----------+-------------------------------------------
     0 | Abyss:1  | Kavlax the Formicid Abyssal Knight began the quest for the
                  | Orb.
     0 | Abyss:1  | Reached XP level 1. HP: 18/18 MP: 2/2
     0 | D:1      | Escaped the Abyss
    80 | D:1      | Reached XP level 2. HP: 10/24 MP: 3/3
    93 | D:1      | Reached * piety under Lugonu
   806 | D:1      | Reached XP level 3. HP: 29/29 MP: 5/5
   830 | D:2      | Noticed Sigmund
  1438 | D:2      | Reached XP level 4. HP: 35/35 MP: 6/6
  1479 | D:2      | Killed Sigmund
  1479 | D:2      | Reached XP level 5. HP: 7/41 MP: 6/8
  1479 | D:2      | Reached XP level 6. HP: 8/47 MP: 6/9
  1792 | D:2      | Reached ** piety under Lugonu
  1833 | D:2      | Reached skill level 5 in Axes
  2568 | D:2      | Noticed an ogre
  2683 | D:1      | Killed an ogre
  3249 | D:2      | Reached XP level 7. HP: 50/52 MP: 10/10
  3326 | D:2      | Reached skill level 5 in Invocations
  3796 | D:3      | Reached *** piety under Lugonu
  3963 | D:4      | Found a snail-covered altar of Cheibriados.
  4131 | D:4      | Noticed Ijyb
  4483 | D:3      | Killed Ijyb
  4506 | D:3      | Reached XP level 8. HP: 43/58 MP: 11/11
  4868 | D:4      | Found Wuoreufe's Assorted Antiques.
  5156 | D:5      | Entered Level 5 of the Dungeon
  5389 | D:4      | Found a transporter.
  5395 | D:4      | Found a transporter.
  5396 | D:4      | Noticed grouchysmurf's ghost (amateur GrFi)
  5489 | D:5      | Noticed Menkaure
  5490 | D:5      | Banished Menkaure
  5815 | D:5      | Learned a level 1 spell: Confusing Touch
  5864 | D:5      | Noticed Pikel
  5882 | D:5      | Killed Pikel
  5882 | D:5      | Reached skill level 10 in Axes
  5882 | D:5      | Reached XP level 9. HP: 17/64 MP: 12/12
  6315 | D:5      | Found a staircase to the Ecumenical Temple.
  6416 | D:5      | Found a stormy altar of Qazlal.
  6531 | D:5      | Reached skill level 1 in Hexes
  6754 | D:5      | Found an iron altar of Okawaru.
  6897 | Temple   | Entered the Ecumenical Temple
  7110 | D:6      | Found a shadowy altar of Dithmenos.
  7156 | D:6      | Found an ancient bone altar of Kikubaaqudgha.
  7160 | D:6      | Found a sparkling altar of Nemelex Xobeh.
  7161 | D:6      | Found a hide-covered altar of Uskayaw.
  7194 | D:6      | Learned a level 3 spell: Confuse
  7840 | D:6      | Reached **** piety under Lugonu
  9195 | D:7      | Reached XP level 10. HP: 70/70 MP: 14/14
  9556 | D:8      | You fall through a shaft!
  9577 | D:9      | Noticed Erica
  9591 | D:9      | Killed Erica
  9658 | D:8      | Found a staircase to the Lair.
  9763 | D:8      | Found a basalt altar of Yredelemnul.
 10002 | D:8      | Paralysed by fainting for 10 turns
 10119 | D:8      | Found a bloodstained altar of Trog.
 10120 | D:8      | Noticed a wizard
 10125 | D:8      | Killed a wizard
 10442 | D:8      | Noticed an unseen horror
 10694 | D:8      | Banished an unseen horror
 10945 | D:9      | Reached XP level 11. HP: 56/75 MP: 18/18
 11148 | D:9      | Reached skill level 10 in Invocations
 11713 | D:8      | Noticed a centaur warrior
 11739 | D:8      | Banished a centaur warrior
 12110 | D:8      | Reached skill level 5 in Fighting
 12123 | D:9      | Noticed a cyclops
 12124 | D:9      | Banished a cyclops
 12367 | D:10     | Entered Level 10 of the Dungeon
 12577 | D:9      | Reached skill level 5 in Armour
 12855 | D:9      | Noticed a manticore
 12867 | D:9      | Banished a manticore
 13086 | D:9      | Noticed a cyclops
 13092 | D:9      | Banished a cyclops
 13121 | D:9      | Identified the Almanac of the Congealing Volcanoes
 13122 | D:9      | Got a crude pewter ring
 14653 | D:4      | Killed grouchysmurf's ghost
 14653 | D:4      | Reached XP level 12. HP: 83/91 MP: 19/19
 14939 | D:10     | Identified the ring "Rar Wuep" {MR+ Str+3 Slay+2} (You
                  | found it on level 9 of the Dungeon)
 15328 | D:11     | Reached ***** piety under Lugonu
 15329 | D:11     | Found a staircase to the Orcish Mines.
 15515 | D:11     | Found Hoynuirph's Pet Rocks.
 15557 | D:12     | Noticed a centaur warrior
 15568 | D:11     | Noticed a two-headed ogre
 15569 | D:11     | Banished a two-headed ogre
 15627 | D:11     | Found a transporter.
 15631 | D:11     | Noticed a deep elf knight
 15676 | D:11     | Found a transporter.
 15693 | D:11     | Noticed a fire crab
 15913 | D:12     | Reached skill level 10 in Fighting
 15982 | D:12     | Noticed a four-headed hydra
 15988 | D:12     | Banished a four-headed hydra
 16282 | D:12     | Killed a centaur warrior
 16321 | D:12     | Noticed a death knight
 16322 | D:12     | Banished a death knight
 16325 | D:12     | Reached XP level 13. HP: 89/105 MP: 7/20
 16420 | D:12     | Noticed Psyche
 16443 | D:12     | Killed Psyche
 16923 | D:13     | Noticed a centaur warrior
 17088 | D:12     | Noticed a rakshasa
 17104 | D:12     | Reached skill level 15 in Axes
 17156 | D:12     | Killed a rakshasa
 17449 | D:12     | Noticed a storm dragon
 17450 | D:12     | Noticed a frost giant
 17453 | D:12     | Corrupted D:12
 17453 | D:12     | Noticed a tentacled starspawn
 17461 | D:12     | Killed a storm dragon
 17464 | D:12     | Killed a frost giant
 17681 | D:12     | Noticed Kirke
 17687 | D:12     | Banished Kirke
 18383 | Lair:1   | Entered Level 1 of the Lair of Beasts
 18538 | Lair:2   | Reached skill level 10 in Armour
 18813 | Lair:1   | Found a gate leading to a gauntlet.
 18860 | Gauntlet | Entered a Gauntlet
 18860 | Gauntlet | Found a transporter.
 18860 | Gauntlet | Found a transporter.
 18860 | Gauntlet | Found a transporter.
 18861 | Gauntlet | Found a transporter.
 18862 | Gauntlet | Found a transporter.
 18865 | Gauntlet | Found a transporter.
 18871 | Gauntlet | Found a transporter.
 18874 | Gauntlet | Found a transporter.
 18876 | Gauntlet | Found a transporter.
 18876 | Gauntlet | Found a transporter.
 18883 | Gauntlet | Noticed a great orb of eyes
 18884 | Gauntlet | Found a transporter.
 18892 | Gauntlet | Found a transporter.
 19372 | Lair:1   | Noticed a six-headed hydra
 19374 | Lair:1   | Banished a six-headed hydra
 19945 | Lair:2   | Reached XP level 14. HP: 116/118 MP: 21/21
 20345 | Lair:2   | Corrupted Lair:2
 20346 | Lair:2   | Noticed a starcursed mass
 20359 | Lair:2   | Noticed a cacodemon
 20364 | Lair:2   | Noticed a tentacled starspawn
 20415 | Lair:2   | Noticed a starcursed mass
 21004 | Lair:3   | Reached skill level 5 in Hexes
 21207 | Lair:4   | Noticed Josephine
 21222 | Lair:4   | Killed Josephine
 21468 | Lair:3   | Found a staircase to the Snake Pit.
 22023 | Lair:4   | Found a large runed translucent door.
 22023 | Lair:4   | Found a large runed translucent door.
 22024 | Lair:4   | Noticed HydroHomie08's ghost (journeyman HaWr)
 22566 | Lair:4   | Identified the Grimoire of Displaced Darkness
 22710 | Lair:4   | Found a sparkling altar of Nemelex Xobeh.
 22727 | Lair:4   | Found a staircase to the Swamp.
 22849 | Lair:4   | Killed HydroHomie08's ghost
 22869 | Lair:4   | Identified a +0 pair of boots of running (You found it on
                  | level 4 of the Lair of Beasts)
 22890 | Lair:4   | Identified a scroll of acquirement
 23012 | Lair:5   | Reached skill level 10 in Hexes
 23150 | Lair:6   | Entered Level 6 of the Lair of Beasts
 23236 | Lair:5   | Found a staircase to the Slime Pits.
 24058 | Lair:5   | Reached XP level 15. HP: 91/127 MP: 23/23
 24608 | Lair:6   | Corrupted Lair:6
 24608 | Lair:6   | Noticed a balrug
 24608 | Lair:6   | Noticed a brown very ugly thing
 24609 | Lair:6   | Reached skill level 15 in Fighting
 24624 | Lair:6   | Noticed a cyan very ugly thing
 25477 | Lair:6   | Noticed Sonja
 25486 | Lair:6   | Killed Sonja
 26128 | D:11     | Corrupted D:11
 26128 | D:11     | Noticed a lich
 26351 | Orc:1    | Entered Level 1 of the Orcish Mines
 26351 | Orc:1    | Found Lezajer's Book Shop.
 26479 | Orc:2    | Entered Level 2 of the Orcish Mines
 26507 | Orc:1    | Found Lenwe Duimi's General Store.
 26530 | Orc:1    | Bought a scroll of enchant weapon for 90 gold pieces
 26530 | Orc:1    | Bought a scroll of identify for 24 gold pieces
 26571 | Orc:1    | Found Aneuli's Weapon Shop.
 26581 | Orc:1    | Found Keshus's Antique Weapon Shoppe.
 26785 | Orc:2    | Reached skill level 1 in Shields
 26957 | Orc:2    | Found a roughly hewn altar of Beogh.
 26986 | Orc:2    | Found a staircase to the Elven Halls.
 27329 | Orc:2    | Found a roughly hewn altar of Beogh.
 27545 | Orc:2    | Found Qubril's Magic Scroll Shop.
 27553 | Orc:2    | Bought a scroll of identify for 30 gold pieces
 27553 | Orc:2    | Bought a scroll of remove curse for 45 gold pieces
 27553 | Orc:2    | Bought a scroll of identify for 30 gold pieces
 27553 | Orc:2    | Bought a scroll of enchant weapon for 112 gold pieces
 27553 | Orc:2    | Bought a scroll of identify for 30 gold pieces
 27553 | Orc:2    | Bought a scroll of identify for 30 gold pieces
 27590 | Orc:2    | Corrupted Orc:2
 27590 | Orc:2    | Noticed a balrug
 27599 | Orc:2    | Noticed a tentacled starspawn
 28297 | Orc:2    | Found Deonn's General Store.
 28301 | Orc:2    | Found Foddymut's Assorted Antiques.
 28304 | Orc:2    | Found Xaqasoy's Book Shop.
 28305 | Orc:2    | Found Lusife's Magic Scroll Boutique.
 28331 | Orc:2    | Bought a scroll of brand weapon for 260 gold pieces
 28447 | Orc:2    | Bought the +7 battleaxe of Ru's Righteous Anger {flame, rF+
                  | rC+ Int+2} for 1006 gold pieces
 28871 | D:13     | Noticed Nessos
 28874 | D:13     | Banished Nessos
 29266 | D:13     | Found a runed translucent gate.
 29266 | D:13     | Found a runed translucent gate.
 29266 | D:13     | Found a runed translucent gate.
 29267 | D:13     | Identified the +7 whip "Qysh" {chaos, Int+8}
 29272 | D:13     | Got a dazzling chain mail
 29280 | D:13     | Noticed scorp85's ghost (journeyman TrFi)
 29282 | D:13     | Identified the +4 short sword of Destiny {chaos, rF+ rN+
                  | Str-3}
 29723 | D:13     | Found a gate to the Vaults.
 29990 | D:14     | Noticed Rupert
 29993 | D:14     | Reached XP level 16. HP: 124/136 MP: 25/25
 30002 | D:14     | Killed Rupert
 30627 | D:13     | Killed scorp85's ghost
 30917 | D:1      | Identified the +8 chain mail "Vuzuasim" {*Slow rPois rF+++
                  | Str-2} (You found it on level 13 of the Dungeon)
 31422 | D:15     | Entered Level 15 of the Dungeon
 31877 | D:14     | Found a runed translucent door.
 31892 | D:14     | You fall through a shaft!
 32602 | D:15     | Noticed a frost giant
 32606 | D:15     | Found the +8 frozen axe "Frostbite" {freezing cloud, *Noise
                  | +Fly rC+}
 32835 | D:14     | Noticed Snorg
 32846 | D:14     | Killed Snorg
 33453 | D:14     | Corrupted D:14
 33453 | D:14     | Noticed a tentacled starspawn
 33453 | D:14     | Noticed a tentacled starspawn
 33457 | D:14     | Noticed a tentacled starspawn
 33458 | D:14     | Noticed a lich
 33459 | D:14     | Noticed a bone dragon
 33461 | D:14     | Noticed a bone dragon
 33465 | D:14     | Noticed a tentacled starspawn
 33762 | D:14     | Identified Sif Muna's Almanac of Transmigration and Arcane
                  | Weapons
 33849 | D:15     | Identified the ring "Zeqod" {rN+ Str+4 Slay+5}
 33867 | D:15     | Corrupted D:15
 33867 | D:15     | Noticed a tentacled starspawn
 33875 | D:15     | Killed a frost giant
 34488 | D:15     | Found a staircase to the Depths.
 35283 | Snake:1  | Entered Level 1 of the Snake Pit
 35317 | Snake:1  | You fall through a shaft!
 35562 | Snake:1  | Noticed Aizul
 35570 | Snake:1  | Killed Aizul
 36071 | Snake:1  | Reached XP level 17. HP: 138/144 MP: 26/26
 38877 | Snake:4  | Entered Level 4 of the Snake Pit
 39103 | Snake:3  | Found Hucomnuck's Food Shop.
 39130 | Snake:3  | Found Jekuson's Distillery.
 39136 | Snake:3  | Bought a potion of curing for 30 gold pieces
 39136 | Snake:3  | Bought a potion of curing for 30 gold pieces
 39136 | Snake:3  | Bought a potion of curing for 30 gold pieces
 39571 | Snake:3  | Identified Roxanne's Handbook of the Mountains
 39571 | Snake:3  | Noticed Roxanne
 40889 | Snake:3  | Reached XP level 18. HP: 118/151 MP: 28/28
 40917 | Snake:4  | Corrupted Snake:4
 40918 | Snake:4  | Noticed a bone dragon
 42652 | Snake:3  | Got a smoking plate armour
 42663 | Snake:3  | Identified the +3 plate armour "Zozotyel" {*Slow MR+ Int+2
                  | Dex+2} (You acquired it on level 3 of the Snake Pit)
 43258 | Snake:4  | Reached skill level 5 in Shields
 43279 | Snake:4  | HP: 7/153 [nagaraja (4)]
 43871 | Snake:4  | Got a serpentine rune of Zot
 44658 | Swamp:1  | Entered Level 1 of the Swamp
 44880 | Swamp:1  | Reached XP level 19. HP: 111/159 MP: 29/29
 45407 | Swamp:1  | Reached ****** piety under Lugonu
 45690 | Swamp:2  | Reached skill level 10 in Shields
 46559 | Swamp:4  | Entered Level 4 of the Swamp
 46699 | Swamp:3  | Noticed Jorgrun
 46700 | Swamp:3  | Banished Jorgrun
 47186 | Swamp:4  | Found a frozen archway.
 47203 | IceCv    | Entered an ice cave
 47584 | IceCv    | Noticed an Ice Fiend
 47597 | IceCv    | Killed an Ice Fiend
 47898 | IceCv    | Got a bloodstained leather armour
 47899 | IceCv    | Identified the +0 leather armour "Ejoaruamob" {Int+4} (You
                  | found it in an ice cave)
 48827 | Swamp:4  | Reached skill level 15 in Shields
 48861 | Swamp:4  | Noticed a bone dragon
 48870 | Swamp:4  | Killed a bone dragon
 48870 | Swamp:4  | Reached XP level 20. HP: 132/168 MP: 28/30
 48899 | Swamp:4  | Got a decaying rune of Zot
 49511 | Vaults:1 | Entered Level 1 of the Vaults
 49588 | Vaults:1 | Noticed a lich
 49593 | Vaults:1 | Killed a lich
 50219 | Vaults:1 | Reached skill level 15 in Armour
 51018 | Vaults:1 | Reached XP level 21. HP: 147/176 MP: 31/31
 51368 | Vaults:2 | Found Oclazxebb's Armour Shoppe.
 51674 | Vaults:2 | Noticed a Brimstone Fiend
 51918 | Vaults:3 | Noticed Sojobo
 51919 | Vaults:3 | Banished Sojobo
 52673 | Vaults:2 | Found a staircase to the Crypt.
 52955 | Vaults:3 | Reached XP level 22. HP: 188/188 MP: 32/32
 54418 | Vaults:4 | Found a runed translucent gate.
 54418 | Vaults:4 | Found a runed translucent gate.
 54418 | Vaults:4 | Found a runed translucent gate.
 54418 | Vaults:4 | Noticed a golden dragon
 54418 | Vaults:4 | Noticed Tuck's ghost (adept DsBe)
 54419 | Vaults:4 | Found the ring of the Octopus King
 55064 | Vaults:4 | Noticed Frederick
 55064 | Vaults:4 | Noticed Asterion
 55079 | Vaults:4 | Killed Frederick
 55093 | Vaults:4 | Killed Asterion
 55307 | Vaults:4 | Reached XP level 23. HP: 151/200 MP: 33/33
 55647 | Vaults:4 | Killed a golden dragon
 55660 | Vaults:4 | Banished Tuck's ghost
 55667 | Vaults:4 | Got a ring of the Octopus King
 55942 | Vaults:4 | Identified a ring of the Octopus King {AC+1 EV+1 Str+1
                  | Int+1 Dex+1 SInv} (You found it on level 4 of the Vaults)
 56506 | Depths:1 | Entered Level 1 of the Depths
 56532 | Depths:1 | Found a portal to a secret trove of treasure.
 57437 | Depths:1 | Found a corrupted altar of Lugonu.
 57437 | Depths:1 | Found a one-way gate to the infinite horrors of the Abyss.
 57534 | Depths:1 | Found a gateway to Hell.
 57942 | Depths:2 | Found a runed translucent door.
 58003 | Depths:2 | Noticed Mara
 58036 | Depths:2 | Noticed Kavlax's illusion
 58041 | Depths:2 | Killed Mara
 58272 | Depths:2 | Noticed a caustic shrike
 58272 | Depths:2 | Noticed a golden dragon
 58272 | Depths:2 | a caustic shrike changed into a golden dragon
 58275 | Depths:2 | a golden dragon changed into an iron dragon
 58281 | Depths:2 | Noticed a shard shrike
 58281 | Depths:2 | an iron dragon changed into a shard shrike
 58282 | Depths:2 | a shard shrike changed into a titan
 58283 | Depths:2 | Noticed a juggernaut
 58283 | Depths:2 | a titan changed into a juggernaut
 58288 | Depths:2 | a juggernaut changed into a titan
 58341 | Depths:2 | Reached XP level 24. HP: 203/212 MP: 33/33
 59216 | Depths:2 | Noticed a juggernaut
 59231 | Depths:2 | Killed a juggernaut
 59274 | Depths:2 | Corrupted Depths:2
 59301 | Depths:2 | Killed a caustic shrike
 59313 | Depths:2 | Identified the +4 quarterstaff of Annoyance {crush, rElec
                  | rC- rN+ MR+++}
 59326 | Depths:2 | HP: 9/214 [tengu reaver/bolt of magma (25)]
 59793 | Depths:2 | Identified the Reference Book on Battle Magic and Clay
 59856 | Depths:2 | You fall through a shaft!
 60298 | Depths:3 | Found a one-way gate leading to the halls of Pandemonium.
 60756 | Depths:3 | Reached XP level 25. HP: 183/223 MP: 33/33
 62217 | Depths:5 | Entered Level 5 of the Depths
 62319 | Depths:4 | Found a transporter.
 62320 | Depths:4 | Found Cinogus's Jewellery Boutique.
 62322 | Depths:4 | Found Wearamasm's Gadget Shoppe.
 62323 | Depths:4 | Found Fimm's Jewellery Boutique.
 62391 | Depths:4 | Found a runed translucent door.
 62391 | Depths:4 | Noticed Egoliply's ghost (journeyman DsCK)
 62411 | Depths:4 | Killed Egoliply's ghost
 62420 | Depths:4 | Got distressingly furry acid dragon scales
 62426 | Depths:4 | Found a gateway to a ziggurat.
 62457 | Depths:4 | Identified the +4 acid dragon scales of Cheibriados {rN+
                  | rCorr} (You found it on level 4 of the Depths)
 63149 | Depths:4 | Noticed a juggernaut
 63504 | Depths:4 | Found a transporter.
 63504 | Depths:4 | Found a runed translucent door.
 63504 | Depths:4 | Found a bloodstained altar of Trog.
 63505 | Depths:4 | Found the +8 Wrath of Trog {antimagic, *Rage}
 63700 | Depths:4 | Killed a juggernaut
 64096 | Depths:4 | Corrupted Depths:4
 64103 | Depths:4 | Noticed an ancient lich
 64596 | Depths:4 | Got a polished plate armour
 64602 | Depths:4 | Got a translucent battleaxe
 64618 | Depths:4 | Identified the +3 battleaxe of Qagg {chop, rPois Int+6
                  | Dex-4} (You found it on level 4 of the Depths)
 64620 | Depths:4 | Identified the +8 plate armour of Philately {*Slow Str+5
                  | Dex+3} (You found it on level 4 of the Depths)
 64737 | Depths:5 | Reached XP level 26. HP: 226/234 MP: 33/33
 65740 | Depths:5 | Found a gate to the Realm of Zot.
 65988 | Depths:5 | Found Sekas's Antique Armour Shop.
 66805 | Elf:1    | Entered Level 1 of the Elven Halls
 66823 | Elf:1    | Found a radiant altar of Vehumet.
 67288 | Elf:1    | Identified the Handbook of Unholy Arts
 68090 | Elf:3    | Entered Level 3 of the Elven Halls
 68265 | Elf:2    | Found Rontil's Book Boutique.
 68269 | Elf:2    | Bought a book of Maledictions for 475 gold pieces
 68464 | Elf:2    | Found a huge runed translucent gate.
 68464 | Elf:2    | Found a huge runed translucent gate.
 68464 | Elf:2    | Found a huge runed translucent gate.
 68465 | Elf:2    | Found a huge runed translucent gate.
 68467 | Elf:2    | Found a huge runed translucent gate.
 68656 | Elf:2    | Reached XP level 27. HP: 244/244 MP: 33/33
 69327 | Elf:3    | Cast into level 4 of the Abyss (deep elf sorcerer)
 69328 | Elf:3    | Escaped the Abyss
 69330 | Elf:3    | Corrupted Elf:3
 69823 | Elf:3    | Escaped the Abyss
 69902 | Abyss:1  | Killed Nessos
 69903 | Abyss:1  | Found an ornate altar of the Wu Jian Council.
 69967 | Abyss:1  | Found an ornate altar of the Wu Jian Council.
 69977 | Abyss:1  | Reached skill level 15 in Invocations
 70172 | Abyss:2  | Found a corrupted altar of Lugonu.
 70268 | Abyss:2  | Found a corrupted altar of Lugonu.
 70494 | Elf:3    | Escaped the Abyss
 70790 | Elf:3    | Got a coiled wooden ring
 70862 | Elf:3    | Got a crude brass ring
 70884 | Elf:3    | Identified the Catalogue of Scorching Feathers
 70963 | Elf:3    | Got a smoking battleaxe
 70968 | Elf:3    | Identified the cursed +0 battleaxe of Invincibility {flame,
                  | MR++} (You found it on level 3 of the Elven Halls)
 70970 | Elf:3    | Identified the ring "Adghiuf" {rElec Dex+6} (You found it
                  | on level 3 of the Elven Halls)
 70971 | Elf:3    | Identified the ring of Arhiet {rN+ Stlth-} (You found it on
                  | level 3 of the Elven Halls)
 71604 | Depths:1 | Voluntarily entered the Abyss.
 73054 | Abyss:3  | Gained mutation: Potions are less effective at restoring
                  | your health. [a neqoxec]
 73104 | Abyss:3  | Gained mutation: Your spells are a little easier to cast,
                  | but a little less powerful. [a neqoxec]
 73282 | Abyss:3  | HP: 7/197 [starcursed mass/accursed screaming (6)]
 73284 | Depths:1 | Escaped the Abyss
 76238 | Depths:1 | Voluntarily entered the Abyss.
 76288 | Depths:1 | Escaped the Abyss
 76447 | Depths:1 | Lost mutation: Your spells are a little easier to cast, but
                  | a little less powerful. [potion of mutation]
 76447 | Depths:1 | Lost mutation: Potions are less effective at restoring your
                  | health. [potion of mutation]
 76447 | Depths:1 | Gained mutation: You expend magic power (3 MP) to
                  | strengthen your wands. [potion of mutation]
 76447 | Depths:1 | Gained mutation: You have large cloven feet. [potion of
                  | mutation]
 76725 | Vaults:5 | Entered Level 5 of the Vaults
 76859 | Vaults:5 | Reached skill level 27 in Fighting
 76940 | Vaults:5 | HP: 7/249 [shadow dragon/bolt of negative energy (15)]
 76951 | Vaults:5 | Reached skill level 27 in Armour
 77035 | Vaults:5 | HP: 9/249 [titan/the air (7)]
 77037 | Vaults:5 | HP: 3/249 [titan (30)]
 77042 | Vaults:5 | HP: 10/249 [white very ugly thing (21)]
 77068 | Vaults:5 | Hit by a large rock thrown by a stone giant

Skill      XL: |  1  2  3  4  5  6  7  8  9 10 11 12 13 14 15 16 17 18 19 20 21 22 23 24 25 26 27 |
---------------+----------------------------------------------------------------------------------+-----
Axes           | 3 4 5 7 10 11 12 13 14 16 17 19 20 22 | 22.3
Invocations    | 3 4 5 6 9 10 11 12 13 14 15 | 15.0
Hexes          | 4 11 12 13 | 13.0
Armour         | 6 8 10 11 12 13 15 17 19 20 22 23 25 27 | 27.0
Fighting       | 7 10 13 14 15 16 17 18 20 21 22 23 24 25 27 | 27.0
Shields        | 2 8 15 | 15.0
Dodging        | |  0.8

Action                   |  1- 3 |  4- 6 |  7- 9 | 10-12 | 13-15 | 16-18 | 19-21 | 22-24 | 25-27 || total
-------------------------+-------+-------+-------+-------+-------+-------+-------+-------+-------++-------
Melee: Hand axe          |   123 |   116 |    63 |       |       |       |       |       |       ||   302
       War axe           |       |       |   320 |  1022 |   248 |       |       |       |       ||  1590
       Unarmed           |       |       |     9 |       |    14 |       |       |       |       ||    23
       Battleaxe         |       |       |       |       |   941 |   936 |  1071 |  1034 |  1581 ||  5563
 Cast: Confusing Touch   |       |       |       |       |     6 |     2 |       |     2 |       ||    10
       Confuse           |       |       |       |       |     1 |     3 |       |       |       ||     4
Invok: Depart the Abyss  |     1 |       |       |       |       |       |       |       |     4 ||     5
       Banish            |       |       |     1 |    16 |    29 |     4 |     4 |     2 |       ||    56
       Corrupt           |       |       |       |       |     5 |     3 |       |     1 |     2 ||    11
       Bend Space        |       |       |       |       |     1 |     2 |     3 |       |     5 ||    11
       Enter the Abyss   |       |       |       |       |       |       |       |       |     2 ||     2
 Abil: Dig               |       |     1 |     1 |     3 |    15 |    14 |     1 |     4 |     2 ||    41
  Use: Scroll            |       |       |    14 |     6 |     9 |    12 |    11 |     2 |    16 ||    70
       Potion            |       |       |       |     6 |     3 |    12 |     2 |     5 |    23 ||    51
 Stab: Confused          |       |       |       |       |     4 |     3 |       |     1 |       ||     8
       Distracted        |       |       |       |       |       |     1 |       |       |     2 ||     3
       Invisible         |       |       |       |       |       |       |       |       |     7 ||     7
  Eat: Chunk             |     2 |     6 |    16 |    24 |    43 |    24 |    17 |    22 |    25 ||   179
       Ration            |       |       |     1 |     4 |     5 |     8 |     3 |     1 |     8 ||    30
Armor: Leather armour    |    25 |       |    15 |       |       |       |       |       |       ||    40
       Ring mail         |       |    65 |   123 |       |       |       |       |       |       ||   188
       Skin              |       |       |     2 |       |     5 |       |       |       |       ||     7
       Chain mail        |       |       |    10 |       |       |       |       |       |       ||    10
       Plate armour      |       |       |     9 |   595 |   216 |       |       |       |       ||   820
       Storm dragon scal |       |       |       |       |   454 |   412 |   266 |   216 |   356 ||  1704
Dodge: Dodged            |    65 |    68 |   171 |   229 |   406 |   243 |   108 |    96 |   200 ||  1586
Block: Other             |       |       |    28 |   133 |       |       |       |       |       ||   161
       Reflection        |       |       |     3 |     1 |     8 |    62 |   108 |    56 |   141 ||   379
       Buckler           |       |       |       |       |    96 |   268 |       |       |       ||   364
       Shield            |       |       |       |       |       |    99 |       |       |       ||    99
       Large shield      |       |       |       |       |       |    71 |   990 |   872 |  1545 ||  3478
